 Dungeon Crawl Stone Soup version 0.29.0-4-gdea44cf6ec (webtiles) character file.

Game seed: 18218989391021101155

6102 qw the Grappler (level 10, -5/88 HPs)
             Began as a Ghoul Fire Elementalist on Aug 30, 2022.
             Was a Priest of Okawaru.
             Slain by a warg (12 damage)
             ... on level 10 of the Dungeon.
             The game lasted 00:08:26 (12819 turns).

qw the Grappler (Ghoul Fire Elementalist)          Turns: 12819, Time: 00:08:26

Health: -5/88      AC: 19    Str: 17      XL:     10   Next: 88%
Magic:  12/12      EV:  8    Int: 10      God:    Okawaru [***...]
Gold:   41         SH:  0    Dex: 14 (15) Spells: 11/12 levels left

rFire   . . .      SeeInvis .     - Unarmed
rCold   + . .      Faith    .   (no shield)
rNeg    + + +      Spirit   .   p - +0 plate armour
rPois   inf        Reflect  .   (no helmet)
rElec   .          Harm     .   e - +0 cloak
rCorr   .          Rampage  .   (no gloves)
Will    .....                   j - +2 pair of boots
Stlth   ..........              (no amulet)
HPRegen 0.00/turn               k - +6 ring of dexterity
MPRegen 0.13/turn               (no ring)

@: heroic, inhibited regen
A: claws 1, cold resistance 1, negative energy resistance 3, inhibited
regeneration, torment resistance 2, devour on kill
a: Renounce Religion, Heroism


You were on level 10 of the Dungeon.
You worshipped Okawaru.
Okawaru was most pleased with you.
You visited 2 branches of the dungeon, and saw 11 of its levels.

You collected 812 gold pieces.
You spent 771 gold pieces at shops.


Innate Abilities, Weirdness & Mutations

You are immune to poison.
You have sharp fingernails.
Your flesh is cold resistant. (rC+)
You are immune to negative energy. (rN+++)
You do not regenerate when monsters are visible.
You are immune to unholy pain and torment.
You thrive by killing the living.


   Skills:
 - Level 8.0(13.0) Fighting
 - Level 1.0(6.0) Throwing
 - Level 5.0(10.0) Armour
 - Level 2.1(7.1) Dodging
 - Level 2.1(7.1) Stealth
 + Level 13.2(18.2) Unarmed Combat
 - Level 1.7 Spellcasting
 - Level 0.7 Conjurations
 - Level 2.4 Fire Magic
 - Level 4.3 Invocations


You had 11 spell levels left.
You knew the following spells:

 Your Spells              Type           Power      Damage    Failure   Level
a - Foxfire               Conj/Fire      16%        2x1d4     99%         1

Your spell library contained the following spells:

 Spells                   Type           Power      Damage    Failure   Level
 Scorch                   Fire           10%        2d6       99%         2
 Conjure Flame            Conj/Fire      4%         6-21      100%        3
 Inner Flame              Hex/Fire       3%         N/A       100%        3
 Flame Wave               Conj/Fire      4%         2d5       100%        4

Inventory:

Missiles
 i - 4 boomerangs (quivered)
Armour
 e - a +0 cloak (worn)
 j - a +2 pair of boots (worn)
 n - the +7 chain mail "Ischosutz" {Regen+ Int+2}
   (You bought it in a shop on level 10 of the Dungeon)

   Int:       It affects your intelligence (+2).
   Regen:     It increases your rate of health regeneration.
 p - a +0 plate armour (worn)
Jewellery
 g - a ring of ice
 k - a +6 ring of dexterity (left claw)
Scrolls
 a - 2 scrolls of enchant weapon
 h - 2 scrolls of brand weapon {unknown}
 l - 4 scrolls of identify
Potions
 b - a potion of resistance
 d - 2 potions of haste
 m - 2 potions of curing
 o - 2 potions of mutation

Dungeon Overview and Level Annotations

Branches:
Dungeon (10/15)            Temple (1/1) D:5             Orc (0/2) D:10
   Lair: D:8-11

Altars:
Ashenzari
Cheibriados
Dithmenos
Fedhas
Gozag
Hepliaklqana
Kikubaaqudgha
Makhleb
Nemelex Xobeh
Okawaru
Qazlal
Ru
Sif Muna
Trog
Uskayaw
Vehumet
Wu Jian
Xom
Yredelemnul

Shops:
D:5 *   D:7 *   D:10 ?*


Message History

Okawaru accepts your kill.
The orc priest calls down the wrath of Beogh upon you.
Beogh smites you!
You hear a shout!
You scratch the orc.
The orc is moderately wounded.
The orc priest looks satisfied for a moment.
The orc hits you but does no damage.
You mangle the orc!!
You kill the orc!
Okawaru accepts your kill.
You feel better.
A warg comes into view.
12808 ||| Stepping ~*~*~tactically~*~*~ (hiding).
The yak bellows!
Things that are here:
a +0 hand axe; a +0 club; a +2 ring mail of fire resistance
12809 ||| Stepping ~*~*~tactically~*~*~ (hiding).
12811 ||| Stepping ~*~*~tactically~*~*~ (outnumbered).
The yak attacks as you move away! The yak gores you but does no damage.
The orc attacks as you move away! The orc misses you.
The orc priest looks satisfied for a moment.
12812 ||| Stepping ~*~*~tactically~*~*~ (outnumbered).
The orc attacks as you move away! The orc hits you with a +0 hand axe.
12813 ||| Stepping ~*~*~tactically~*~*~ (outnumbered).
The orc attacks as you move away! The orc hits you but does no damage.
The yak misses you.
You barely miss the yak. The yak gores you but does no damage.
You barely miss the yak. The yak barely misses you.
12816 ||| Stepping ~*~*~tactically~*~*~ (outnumbered).
You scratch the yak.
The yak is lightly wounded.
You mangle the yak!!
The yak is severely wounded.
The yak gores you but does no damage.
12819 ||| Stepping ~*~*~tactically~*~*~ (outnumbered).
The warg bites you!
You die...

.....# .........##.### #....# ..
.....+ ..#.......##.).###....##.#
.....# ###.......####...)....+..#
.....# #####...########)....###
##'### ###............%.......
...# #...............##)...? .###
#.#.......##....##)...# .#
#..#.......##.......)o.# .#
###'##...@.Y.........))... '###
#.......h##Y..............
...#####........##og.............
...'...+........oo...............
...#.###........h.o..............
...#..........!##...........>....
...##.......#..##)...............
...#8...>...#...))...............
#'##.......................###...


You could see 2 yaks, a warg and a hobgoblin.

Vanquished Creatures
  A two-headed ogre (D:6)
  A hornet (D:9)
  A wraith (D:9)
  5 yaks
  A water moccasin (D:5)
  A sky beast (D:6)
  4 black bears
  5 orc warriors
  4 ice beasts
  4 centaurs
  3 phantoms
  3 kobold brigands
  3 bullfrogs
  2 scorpions (D:7)
  A necrophage (D:5)
  3 wights (D:9)
  10 killer bees
  3 electric eels (D:7)
  3 jellies
  8 orc priests
  8 hounds
  5 iguanas
  10 orc wizards
  A mummy (D:6)
  2 gnolls
  9 adders
  3 shadow imps (D:6)
  4 white imps
  An ufetubus (D:5)
  2 worms
  6 dart slugs
  42 orcs
  9 ball pythons
  6 bats
  15 endoplasms
  5 giant cockroaches
  6 goblins
  4 hobgoblins
  3 jackals (D:1)
  3 frilled lizards (D:1)
  19 kobolds
  3 kobold zombies (D:6)
  An orc zombie (D:6)
  6 rats
239 creatures vanquished.

Vanquished Creatures (others)
  A dart slug (D:7)
  4 fungi (D:1)
  5 plants (D:1)
10 creatures vanquished.

Grand Total: 249 creatures vanquished

Notes
Turn   | Place    | Note
-------+----------+-------------------------------------------
     0 | D:1      | qw the Ghoul Fire Elementalist began the quest for the Orb.
     0 | D:1      | Reached XP level 1. HP: 14/14 MP: 2/2
     0 | D:1      | 0 ||| qw: Version: 0.1-a-90-g952f4b7
     0 | D:1      | 0 ||| qw: Game counter: 4270
     0 | D:1      | 0 ||| qw: Always use a shield: true
     0 | D:1      | 0 ||| qw: God list: Okawaru
     0 | D:1      | 0 ||| qw: Allow faded altars: false
     0 | D:1      | 0 ||| qw: Do Orc after D:15 true
     0 | D:1      | 0 ||| qw: Do second Lair branch before Depths: true
     0 | D:1      | 0 ||| qw: Lair rune preference: random
     0 | D:1      | 0 ||| qw: Plans: Normal
     0 | D:1      | 0 ||| PLANNING D:1-11
   124 | D:1      | Reached skill level 1 in Unarmed Combat
   193 | D:1      | Reached skill level 1 in Fighting
   193 | D:1      | Reached XP level 2. HP: 22/23 MP: 3/3
   371 | D:1      | 371 ||| Stepping ~*~*~tactically~*~*~ (stealth).
   390 | D:1      | 390 ||| Stepping ~*~*~tactically~*~*~ (stealth).
   474 | D:1      | 474 ||| Stepping ~*~*~tactically~*~*~ (stealth).
   475 | D:1      | 475 ||| Stepping ~*~*~tactically~*~*~ (stealth).
   479 | D:1      | Reached skill level 2 in Unarmed Combat
   491 | D:1      | 491 ||| Stepping ~*~*~tactically~*~*~ (outnumbered).
   494 | D:1      | 494 ||| Stepping ~*~*~tactically~*~*~ (outnumbered).
   498 | D:1      | HP: 5/23 [hobgoblin (2)]
   500 | D:1      | HP: 2/23 [hobgoblin (3)]
   505 | D:1      | Reached XP level 3. HP: 2/28 MP: 4/4
   876 | D:1      | 876 ||| Stepping ~*~*~tactically~*~*~ (stealth).
   877 | D:1      | 877 ||| Stepping ~*~*~tactically~*~*~ (stealth).
   878 | D:1      | 878 ||| Stepping ~*~*~tactically~*~*~ (outnumbered).
   879 | D:1      | 879 ||| Stepping ~*~*~tactically~*~*~ (outnumbered).
  1371 | D:1      | Reached skill level 3 in Unarmed Combat
  1432 | D:1      | 1432 ||| Stepping ~*~*~tactically~*~*~ (stealth).
  1907 | D:1      | 1907 ||| UPGRADING to +0 ring mail.
  1917 | D:1      | 1917 ||| DROPPING +0 robe.
  1918 | D:1      | 1918 ||| UPGRADING to +0 cloak.
  1923 | D:1      | 1923 ||| DROPPING ring of wizardry.
  1924 | D:1      | 1924 ||| READING scroll labelled XUAC MUOCZUC.
  1925 | D:1      | 1925 ||| READING scroll labelled BYIWIEMEAMP.
  1926 | D:1      | 1926 ||| READING scroll labelled VOW XAKESHRONT.
  1927 | D:1      | 1927 ||| DROPPING potion of magic.
  1962 | D:2      | 1962 ||| Stepping ~*~*~tactically~*~*~ (stealth).
  1967 | D:2      | 1967 ||| FLEEEEING.
  1968 | D:2      | 1968 ||| STAIRDANCE
  2033 | D:2      | 2033 ||| Stepping ~*~*~tactically~*~*~ (stealth).
  2034 | D:2      | 2034 ||| Stepping ~*~*~tactically~*~*~ (stealth).
  2035 | D:2      | 2035 ||| Stepping ~*~*~tactically~*~*~ (stealth).
  2036 | D:2      | 2036 ||| Stepping ~*~*~tactically~*~*~ (stealth).
  2040 | D:2      | 2040 ||| Stepping ~*~*~tactically~*~*~ (stealth).
  2081 | D:2      | 2081 ||| Stepping ~*~*~tactically~*~*~ (stealth).
  2224 | D:2      | Reached XP level 4. HP: 30/35 MP: 5/5
  2279 | D:2      | Found a faded altar of an unknown god.
  2790 | D:2      | 2790 ||| READING scroll labelled LIHEIHENYMP.
  2791 | D:2      | 2791 ||| READING scroll labelled UTIYRU DAOHAI.
  2792 | D:2      | 2792 ||| READING scroll labelled SIBASI NAASME.
  2793 | D:2      | 2793 ||| DRINKING 2 silvery potions.
  2794 | D:2      | 2794 ||| DROPPING potion of brilliance.
  2894 | D:3      | Reached skill level 4 in Unarmed Combat
  2962 | D:3      | Found an opulent altar of Gozag.
  2971 | D:3      | Found an ornate altar of the Wu Jian Council.
  2973 | D:3      | Found an ancient bone altar of Kikubaaqudgha.
  3263 | D:3      | 3263 ||| Stepping ~*~*~tactically~*~*~ (stealth).
  3264 | D:3      | 3264 ||| Stepping ~*~*~tactically~*~*~ (stealth).
  3266 | D:3      | 3266 ||| Stepping ~*~*~tactically~*~*~ (stealth).
  3267 | D:3      | 3267 ||| Stepping ~*~*~tactically~*~*~ (stealth).
  3339 | D:3      | Found a basalt altar of Yredelemnul.
  3712 | D:3      | Reached XP level 5. HP: 17/42 MP: 6/6
  4047 | D:3      | 4047 ||| UPGRADING to +0 scale mail.
  4057 | D:3      | 4057 ||| DROPPING +0 ring mail.
  4086 | D:4      | 4086 ||| Stepping ~*~*~tactically~*~*~ (stealth).
  4230 | D:4      | Found a snail-covered altar of Cheibriados.
  4285 | D:4      | 4285 ||| Stepping ~*~*~tactically~*~*~ (stealth).
  4341 | D:4      | Noticed a black bear
  4358 | D:4      | Killed a black bear
  4359 | D:4      | Reached skill level 5 in Unarmed Combat
  4359 | D:4      | Reached XP level 6. HP: 31/50 MP: 7/7
  4648 | D:4      | Reached skill level 1 in Armour
  4685 | D:4      | 4685 ||| Stepping ~*~*~tactically~*~*~ (stealth).
  4749 | D:4      | 4749 ||| Stepping ~*~*~tactically~*~*~ (stealth).
  4750 | D:4      | 4750 ||| Stepping ~*~*~tactically~*~*~ (stealth).
  4937 | D:4      | 4937 ||| UPGRADING to +2 pair of boots.
  4942 | D:4      | 4942 ||| READING scroll labelled ZIAFAD RO REAT.
  4947 | D:4      | 4947 ||| DRINKING 3 bubbling yellow potions.
  4948 | D:4      | 4948 ||| DRINKING 3 coppery potions.
  4949 | D:4      | 4949 ||| DROPPING 2 potions of lignification.
  4950 | D:4      | 4950 ||| DROPPING 2 potions of attraction.
  4962 | D:5      | Entered Level 5 of the Dungeon
  4963 | D:5      | 4963 ||| STAIRDANCE
  5018 | D:5      | Reached skill level 6 in Unarmed Combat
  5018 | D:5      | 5018 ||| STAIRDANCE
  5061 | D:5      | Reached skill level 3 in Fighting
  5224 | D:5      | 5224 ||| FLEEEEING.
  5225 | D:5      | 5225 ||| FLEEEEING.
  5226 | D:5      | 5226 ||| FLEEEEING.
  5227 | D:5      | 5227 ||| FLEEEEING.
  5238 | D:5      | Reached XP level 7. HP: 57/57 MP: 8/8
  5239 | D:5      | 5239 ||| Stepping ~*~*~tactically~*~*~ (outnumbered).
  5240 | D:5      | 5240 ||| Stepping ~*~*~tactically~*~*~ (outnumbered).
  5241 | D:5      | 5241 ||| Stepping ~*~*~tactically~*~*~ (outnumbered).
  5242 | D:5      | 5242 ||| Stepping ~*~*~tactically~*~*~ (outnumbered).
  5254 | D:5      | HP: 11/57 [water moccasin (4)]
  5256 | D:5      | Reached skill level 7 in Unarmed Combat
  5264 | D:5      | HP: 14/57 [acid (5)]
  5267 | D:5      | HP: 6/57 [orc/+0 trident (7)]
  5564 | D:5      | Found a staircase to the Ecumenical Temple.
  5565 | D:5      | 5565 ||| PLANNING TEMPLE
  5570 | D:5      | 5570 ||| READING scroll labelled URAUBU NEMEL.
  5571 | D:5      | 5571 ||| DRINKING 2 red potions.
  5572 | D:5      | 5572 ||| DRINKING 2 yellow potions.
  5573 | D:5      | 5573 ||| DRINKING 2 bubbling red potions.
  5574 | D:5      | 5574 ||| DROPPING potion of degeneration.
  5580 | Temple   | Entered the Ecumenical Temple
  5605 | Temple   | Became a worshipper of Warmaster Okawaru
  5624 | Temple   | 5624 ||| PLANNING D:1-11
  5903 | D:5      | Found Usyf's Assorted Antiques.
  5906 | D:5      | Found a sparkling altar of Nemelex Xobeh.
  5937 | D:5      | 5937 ||| BUYING copper ring (130 gold).
  5937 | D:5      | Bought a copper ring for 130 gold pieces
  5937 | D:5      | 5937 ||| BUYING scroll labelled LIUCAY VOUSA (26 gold).
  5937 | D:5      | Bought a scroll labelled LIUCAY VOUSA for 26 gold pieces
  5937 | D:5      | 5937 ||| SHOPLISTING scroll of enchant armour (195 gold,
                  | have 88).
  5937 | D:5      | 5937 ||| BUYING scroll of identify (52 gold).
  5937 | D:5      | Bought a scroll of identify for 52 gold pieces
  6035 | D:5      | Reached skill level 8 in Unarmed Combat
  6035 | D:5      | 6035 ||| Stepping ~*~*~tactically~*~*~ (stealth).
  6063 | D:5      | Reached XP level 8. HP: 33/67 MP: 9/9
  6077 | D:5      | 6077 ||| FLEEEEING.
  6115 | D:5      | 6115 ||| FLEEEEING.
  6116 | D:5      | 6116 ||| FLEEEEING.
  6122 | D:5      | 6122 ||| FLEEEEING.
  6123 | D:5      | 6123 ||| FLEEEEING.
  6124 | D:5      | 6124 ||| FLEEEEING.
  6125 | D:5      | 6125 ||| FLEEEEING.
  6506 | D:5      | 6506 ||| Stepping ~*~*~tactically~*~*~ (hiding).
  6520 | D:5      | 6520 ||| Stepping ~*~*~tactically~*~*~ (stealth).
  6563 | D:5      | Reached skill level 9 in Unarmed Combat
  6836 | D:5      | 6836 ||| UPGRADING to +6 ring of dexterity.
  6837 | D:5      | 6837 ||| READING scroll labelled LIUCAY VOUSA.
  6838 | D:5      | 6838 ||| READING 3 scrolls of identify.
  6838 | D:5      | 6838 ||| IDENTIFYING sedimented white potion
  6839 | D:5      | 6839 ||| READING 2 scrolls of identify.
  6839 | D:5      | 6839 ||| IDENTIFYING golden potion
  6840 | D:5      | 6840 ||| DROPPING potion of ambrosia.
  6952 | D:6      | 6952 ||| Stepping ~*~*~tactically~*~*~ (hiding).
  7288 | D:6      | Reached * piety under Okawaru
  7302 | D:6      | 7302 ||| Stepping ~*~*~tactically~*~*~ (hiding).
  7305 | D:6      | 7305 ||| INVOKING Heroism.
  7316 | D:6      | 7316 ||| Stepping ~*~*~tactically~*~*~ (stealth).
  7336 | D:6      | 7336 ||| Stepping ~*~*~tactically~*~*~ (hiding).
  7469 | D:6      | Reached skill level 1 in Invocations
  7478 | D:6      | 7478 ||| INVOKING Heroism.
  7598 | D:6      | Noticed a two-headed ogre
  7599 | D:6      | 7599 ||| INVOKING Heroism.
  7609 | D:6      | HP: 16/68 [two-headed ogre/+0 giant club (27)]
  7610 | D:6      | 7610 ||| DRINKING potion of heal wounds.
  7612 | D:6      | Killed a two-headed ogre
  7612 | D:6      | Reached ** piety under Okawaru
  7613 | D:6      | Reached skill level 11 in Unarmed Combat
  7613 | D:6      | Reached XP level 9. HP: 41/74 MP: 8/10
  7904 | D:6      | 7904 ||| Stepping ~*~*~tactically~*~*~ (hiding).
  8151 | D:6      | 8151 ||| READING 3 scrolls of identify.
  8151 | D:6      | 8151 ||| IDENTIFYING ruby potion
  8152 | D:6      | 8152 ||| READING 2 scrolls of identify.
  8152 | D:6      | 8152 ||| IDENTIFYING glowing white potion
  8153 | D:6      | 8153 ||| DROPPING potion of flight.
  8154 | D:6      | 8154 ||| DROPPING potion of invisibility.
  8164 | D:7      | 8164 ||| INVOKING Heroism.
  8171 | D:7      | HP: 17/74 [electric eel/bolt of electricity (6)]
  8173 | D:7      | 8173 ||| FLEEEEING.
  8174 | D:7      | 8174 ||| STAIRDANCE
  8467 | D:7      | 8467 ||| STAIRDANCE
  8582 | D:7      | 8582 ||| INVOKING Heroism.
  8583 | D:7      | 8583 ||| Stepping ~*~*~tactically~*~*~ (outnumbered).
  8588 | D:7      | Reached skill level 1 in Throwing
  8598 | D:7      | 8598 ||| INVOKING Heroism.
  8602 | D:7      | 8602 ||| Stepping ~*~*~tactically~*~*~ (water).
  8697 | D:7      | 8697 ||| FLEEEEING.
  8698 | D:7      | 8698 ||| FLEEEEING.
  8699 | D:7      | 8699 ||| STAIRDANCE
  8798 | D:7      | Reached skill level 3 in Invocations
  8954 | D:7      | 8954 ||| INVOKING Heroism.
  9181 | D:7      | Reached skill level 6 in Fighting
  9219 | D:7      | 9219 ||| Stepping ~*~*~tactically~*~*~ (hiding).
  9263 | D:7      | 9263 ||| Stepping ~*~*~tactically~*~*~ (hiding).
  9271 | D:7      | 9271 ||| Stepping ~*~*~tactically~*~*~ (outnumbered).
  9275 | D:7      | 9275 ||| DRINKING potion of curing.
  9275 | D:7      | 9275 ||| (to cure confusion)
  9285 | D:7      | 9285 ||| Stepping ~*~*~tactically~*~*~ (outnumbered).
  9288 | D:7      | 9288 ||| Stepping ~*~*~tactically~*~*~ (outnumbered).
  9509 | D:7      | Found a burning altar of Makhleb.
  9530 | D:7      | Reached skill level 12 in Unarmed Combat
  9584 | D:7      | 9584 ||| Stepping ~*~*~tactically~*~*~ (hiding).
  9588 | D:7      | 9588 ||| INVOKING Heroism.
  9658 | D:7      | Found Owigiad's Serpentskin Sales.
  9957 | D:7      | 9957 ||| Stepping ~*~*~tactically~*~*~ (hiding).
  9966 | D:7      | 9966 ||| Stepping ~*~*~tactically~*~*~ (stealth).
  9992 | D:7      | 9992 ||| INVOKING Heroism.
  9998 | D:7      | Reached XP level 10. HP: 84/84 MP: 9/12
 10116 | D:7      | 10116 ||| UPGRADING to +0 chain mail.
 10126 | D:7      | 10126 ||| DROPPING +0 scale mail.
 10127 | D:7      | 10127 ||| UPGRADING to +0 plate armour.
 10137 | D:7      | 10137 ||| DROPPING +0 chain mail.
 10138 | D:7      | 10138 ||| DROPPING ring of flight.
 10139 | D:7      | 10139 ||| READING scroll labelled QYNE BUT ZUKH.
 10140 | D:7      | 10140 ||| READING 2 scrolls labelled GAANEK RAON.
 10141 | D:7      | 10141 ||| DROPPING scroll of magic mapping.
 10256 | D:8      | Found a broken altar of Ashenzari.
 10524 | D:8      | 10524 ||| Stepping ~*~*~tactically~*~*~ (stealth).
 10538 | D:8      | 10538 ||| DRINKING potion of curing.
 10538 | D:8      | 10538 ||| (to cure confusion)
 10556 | D:8      | Reached skill level 3 in Armour
 10659 | D:8      | 10659 ||| INVOKING Heroism.
 10795 | D:8      | Found a shimmering altar of Xom.
 10816 | D:8      | 10816 ||| Stepping ~*~*~tactically~*~*~ (stealth).
 10818 | D:8      | 10818 ||| INVOKING Heroism.
 10837 | D:8      | 10837 ||| Stepping ~*~*~tactically~*~*~ (stealth).
 10961 | D:8      | 10961 ||| READING scroll labelled ATEARUCRECS.
 10997 | D:9      | 10997 ||| INVOKING Heroism.
 11395 | D:9      | 11395 ||| Stepping ~*~*~tactically~*~*~ (hiding).
 11401 | D:9      | Reached *** piety under Okawaru
 11597 | D:9      | 11597 ||| INVOKING Heroism.
 11601 | D:9      | 11601 ||| Stepping ~*~*~tactically~*~*~ (outnumbered).
 11834 | D:9      | Found a hide-covered altar of Uskayaw.
 11857 | D:9      | 11857 ||| INVOKING Heroism.
 11883 | D:9      | 11883 ||| DRINKING potion of curing.
 11883 | D:9      | 11883 ||| (to cure confusion)
 11890 | D:9      | 11890 ||| FLEEEEING.
 11891 | D:9      | 11891 ||| FLEEEEING.
 11892 | D:9      | 11892 ||| FLEEEEING.
 11893 | D:9      | 11893 ||| FLEEEEING.
 11895 | D:9      | 11895 ||| FLEEEEING.
 11896 | D:9      | 11896 ||| FLEEEEING.
 11897 | D:9      | 11897 ||| FLEEEEING.
 11898 | D:9      | 11898 ||| FLEEEEING.
 11899 | D:9      | 11899 ||| FLEEEEING.
 11900 | D:9      | 11900 ||| FLEEEEING.
 11901 | D:9      | 11901 ||| INVOKING Heroism.
 11909 | D:9      | 11909 ||| Stepping ~*~*~tactically~*~*~ (outnumbered).
 11910 | D:9      | 11910 ||| Stepping ~*~*~tactically~*~*~ (outnumbered).
 11911 | D:9      | 11911 ||| Stepping ~*~*~tactically~*~*~ (outnumbered).
 11912 | D:9      | 11912 ||| Stepping ~*~*~tactically~*~*~ (outnumbered).
 11914 | D:9      | 11914 ||| Stepping ~*~*~tactically~*~*~ (outnumbered).
 11915 | D:9      | 11915 ||| Stepping ~*~*~tactically~*~*~ (outnumbered).
 11916 | D:9      | 11916 ||| Stepping ~*~*~tactically~*~*~ (outnumbered).
 11917 | D:9      | 11917 ||| Stepping ~*~*~tactically~*~*~ (outnumbered).
 11919 | D:9      | Reached skill level 13 in Unarmed Combat
 11920 | D:9      | 11920 ||| INVOKING Heroism.
 12279 | D:9      | Identified the +1 troll leather armour of Hexais {Regen+
                  | Int+3}
 12418 | D:9      | Found a shadowy altar of Dithmenos.
 12419 | D:9      | Found a hazy altar of Hepliaklqana.
 12441 | D:9      | 12441 ||| DRINKING 3 purple potions.
 12442 | D:9      | 12442 ||| READING 2 scrolls of identify.
 12442 | D:9      | 12442 ||| IDENTIFYING orange potion
 12493 | D:10     | Entered Level 10 of the Dungeon
 12493 | D:10     | Found Osuebuess's Magic Scroll Shop.
 12496 | D:10     | 12496 ||| BUYING scroll of identify (26 gold).
 12496 | D:10     | Bought a scroll of identify for 26 gold pieces
 12496 | D:10     | 12496 ||| BUYING scroll of identify (26 gold).
 12496 | D:10     | Bought a scroll of identify for 26 gold pieces
 12557 | D:10     | Found a sacrificial altar of Ru.
 12584 | D:10     | Found Vekhomek's Assorted Antiques.
 12593 | D:10     | 12593 ||| BUYING 2 potions of curing (198 gold).
 12593 | D:10     | Bought 2 potions of curing for 198 gold pieces
 12593 | D:10     | 12593 ||| BUYING faintly glowing chain mail (313 gold).
 12593 | D:10     | Bought a faintly glowing chain mail for 313 gold pieces
 12593 | D:10     | Identified the +7 chain mail "Ischosutz" {Regen+ Int+2}
                  | (You bought it in a shop on level 10 of the Dungeon)
 12593 | D:10     | 12593 ||| SHOPLISTING pair of gloves (148 gold, have 41).
 12629 | D:10     | 12629 ||| Stepping ~*~*~tactically~*~*~ (stealth).
 12631 | D:10     | 12631 ||| INVOKING Heroism.
 12667 | D:10     | 12667 ||| Stepping ~*~*~tactically~*~*~ (hiding).
 12669 | D:10     | 12669 ||| Stepping ~*~*~tactically~*~*~ (hiding).
 12677 | D:10     | 12677 ||| Stepping ~*~*~tactically~*~*~ (hiding).
 12681 | D:10     | 12681 ||| INVOKING Heroism.
 12687 | D:10     | 12687 ||| Stepping ~*~*~tactically~*~*~ (stealth).
 12722 | D:10     | 12722 ||| Stepping ~*~*~tactically~*~*~ (stealth).
 12726 | D:10     | Found a staircase to the Orcish Mines.
 12728 | D:10     | 12728 ||| INVOKING Heroism.
 12737 | D:10     | 12737 ||| Stepping ~*~*~tactically~*~*~ (outnumbered).
 12739 | D:10     | 12739 ||| Stepping ~*~*~tactically~*~*~ (outnumbered).
 12740 | D:10     | 12740 ||| Stepping ~*~*~tactically~*~*~ (outnumbered).
 12743 | D:10     | 12743 ||| Stepping ~*~*~tactically~*~*~ (outnumbered).
 12744 | D:10     | 12744 ||| Stepping ~*~*~tactically~*~*~ (outnumbered).
 12745 | D:10     | 12745 ||| Stepping ~*~*~tactically~*~*~ (outnumbered).
 12749 | D:10     | Reached **** piety under Okawaru
 12753 | D:10     | 12753 ||| Stepping ~*~*~tactically~*~*~ (outnumbered).
 12754 | D:10     | 12754 ||| Stepping ~*~*~tactically~*~*~ (outnumbered).
 12755 | D:10     | 12755 ||| Stepping ~*~*~tactically~*~*~ (outnumbered).
 12756 | D:10     | 12756 ||| INVOKING Heroism.
 12757 | D:10     | 12757 ||| Stepping ~*~*~tactically~*~*~ (outnumbered).
 12758 | D:10     | 12758 ||| Stepping ~*~*~tactically~*~*~ (outnumbered).
 12759 | D:10     | 12759 ||| Stepping ~*~*~tactically~*~*~ (outnumbered).
 12763 | D:10     | 12763 ||| Stepping ~*~*~tactically~*~*~ (outnumbered).
 12766 | D:10     | 12766 ||| Stepping ~*~*~tactically~*~*~ (outnumbered).
 12767 | D:10     | 12767 ||| Stepping ~*~*~tactically~*~*~ (outnumbered).
 12768 | D:10     | 12768 ||| Stepping ~*~*~tactically~*~*~ (outnumbered).
 12769 | D:10     | 12769 ||| Stepping ~*~*~tactically~*~*~ (hiding).
 12770 | D:10     | 12770 ||| Stepping ~*~*~tactically~*~*~ (hiding).
 12773 | D:10     | 12773 ||| Stepping ~*~*~tactically~*~*~ (hiding).
 12776 | D:10     | 12776 ||| Stepping ~*~*~tactically~*~*~ (outnumbered).
 12777 | D:10     | 12777 ||| Stepping ~*~*~tactically~*~*~ (outnumbered).
 12778 | D:10     | 12778 ||| Stepping ~*~*~tactically~*~*~ (outnumbered).
 12779 | D:10     | 12779 ||| Stepping ~*~*~tactically~*~*~ (outnumbered).
 12779 | D:10     | HP: 20/88 [orc warrior/+0 war axe (3)]
 12780 | D:10     | 12780 ||| READING 2 scrolls of teleportation.
 12781 | D:10     | 12781 ||| DRINKING potion of heal wounds.
 12782 | D:10     | 12782 ||| Stepping ~*~*~tactically~*~*~ (outnumbered).
 12783 | D:10     | 12783 ||| Stepping ~*~*~tactically~*~*~ (outnumbered).
 12784 | D:10     | 12784 ||| Stepping ~*~*~tactically~*~*~ (outnumbered).
 12784 | D:10     | HP: 19/88 [orc priest/divine providence (10)]
 12785 | D:10     | 12785 ||| READING scroll of teleportation.
 12786 | D:10     | 12786 ||| INVOKING Heroism.
 12787 | D:10     | 12787 ||| Stepping ~*~*~tactically~*~*~ (outnumbered).
 12788 | D:10     | 12788 ||| FLEEEEING.
 12789 | D:10     | 12789 ||| FLEEEEING.
 12790 | D:10     | 12790 ||| FLEEEEING.
 12791 | D:10     | 12791 ||| FLEEEEING.
 12792 | D:10     | 12792 ||| FLEEEEING.
 12793 | D:10     | 12793 ||| FLEEEEING.
 12794 | D:10     | 12794 ||| FLEEEEING.
 12795 | D:10     | 12795 ||| FLEEEEING.
 12796 | D:10     | 12796 ||| Stepping ~*~*~tactically~*~*~ (hiding).
 12800 | D:10     | 12800 ||| INVOKING Heroism.
 12800 | D:10     | HP: 9/88 [orc priest/+0 club (1)]
 12802 | D:10     | 12802 ||| Stepping ~*~*~tactically~*~*~ (stealth).
 12805 | D:10     | HP: 3/88 [orc priest/divine providence (15)]
 12808 | D:10     | 12808 ||| Stepping ~*~*~tactically~*~*~ (hiding).
 12809 | D:10     | 12809 ||| Stepping ~*~*~tactically~*~*~ (hiding).
 12811 | D:10     | 12811 ||| Stepping ~*~*~tactically~*~*~ (outnumbered).
 12812 | D:10     | 12812 ||| Stepping ~*~*~tactically~*~*~ (outnumbered).
 12812 | D:10     | HP: 7/88 [orc/+0 hand axe (2)]
 12813 | D:10     | 12813 ||| Stepping ~*~*~tactically~*~*~ (outnumbered).
 12816 | D:10     | 12816 ||| Stepping ~*~*~tactically~*~*~ (outnumbered).
 12819 | D:10     | 12819 ||| Stepping ~*~*~tactically~*~*~ (outnumbered).
 12819 | D:10     | Slain by a warg

Levels and vault maps discovered:
D:1:      lemuel_arrival_muddy, layout_basic
D:2:      layout_loops_cross, dreamdust_ecumenical_altar_statues
D:3:      layout_loops_corners, lemuel_tele_altar,
          chequers_temple_overflow_minitemple, kennysheep_path_1,
          nicolae_underground_beach
D:4:      layout_loops_cross, overflow_temple_1_default
D:5:      minmay_polygon_palace, layout_layer_cave,
          nemelex_xobeh_ov_fountains_minmay, minmay_temple_entry_hall,
          serial_shops, shop
D:6:      layout_loops_ring, minmay_mini_ossuary
D:7:      kennysheep_slugbush, layout_basic, kennysheep_mini,
          guppyfry_shop_venom
D:8:      layout_loops_ring, lemuel_coloured_pillars_altar,
          mainiacjoe_overflow_cross_hatched
D:9:      layout_grid_maze, riverfiend_overflow_shadow_ancestor,
          nicolae_uskayaw_dance_hall
D:10:     layout_roguey, lemuel_crystal_altar, erik_orc_4, serial_shops,
          nicolae_stop_n_shop_1, nicolae_lakefront_shop, kennysheep_little_box,
          amcnicky_mini_pool_medium
Temple:   nicolae_temple_ecumenical_triangle

Skill      XL: |  1  2  3  4  5  6  7  8  9 10 |
---------------+-------------------------------+-----
Unarmed Combat | 1 2 3 4 5 6 8 11 12 13 | 13.2
Fighting       | 1 2 3 4 5 6 8 |  8.0
Armour         | 1 2 5 |  5.0
Dodging        | 2 |  2.1
Invocations    | 1 4 |  4.3
Throwing       | 1 |  1.0
Stealth        | |  2.1
Spellcasting   | |  1.7
Conjurations   | |  0.7
Fire Magic     | |  2.4

Action                   |  1- 3 |  4- 6 |  7- 9 | 10-12 || total
-------------------------+-------+-------+-------+-------++-------
Melee: Unarmed           |   155 |   154 |   314 |   194 ||   817
       Punch             |     1 |     4 |    14 |    15 ||    34
Throw: Boomerang         |       |       |     9 |    27 ||    36
Invok: Heroism           |       |       |     9 |    13 ||    22
  Use: Scroll            |     3 |     4 |     6 |     6 ||    19
       Potion            |       |     3 |     5 |     4 ||    12
Armor: Robe              |    17 |       |       |       ||    17
       Ring mail         |    11 |    29 |       |       ||    40
       Scale mail        |       |    35 |   133 |     1 ||   169
       Plate armour      |       |       |       |   188 ||   188
Dodge: Dodged            |    78 |    61 |   118 |   101 ||   358

Table legend:
 A = Non-vault XP
 B = Vault XP
 C = Vault XP percentage of total XP
 D = Non-vault monster count
 E = Vault monster count
 F = Vault count percentage of total count
                 A         B        C        D         E       F
            +---------+---------+-------+---------+---------+-------
      Total |    7611 |    1107 |  12.7 |     198 |      41 |  17.2
            +---------+---------+-------+---------+---------+-------
        D:1 |      66 |       0 |   0.0 |      31 |       0 |   0.0
        D:2 |      36 |       0 |   0.0 |      13 |       0 |   0.0
        D:3 |      85 |       0 |   0.0 |      18 |       0 |   0.0
        D:4 |     274 |       0 |   0.0 |      14 |       0 |   0.0
        D:5 |     511 |     695 |  57.6 |      16 |      16 |  50.0
        D:6 |    1345 |      20 |   1.5 |      18 |       5 |  21.7
        D:7 |    1715 |      42 |   2.4 |      36 |       6 |  14.3
        D:8 |     583 |       0 |   0.0 |      12 |       0 |   0.0
        D:9 |    2400 |       0 |   0.0 |      30 |       0 |   0.0
       D:10 |     596 |     350 |  37.0 |      10 |      14 |  58.3
            +---------+---------+-------+---------+---------+-------
